[Event "Titled Tuesday Blitz September 27 Early 2022"]
[White "Shyaamnikhil P"]
[Black "Wagner, Dennis"]
[WhiteFideId "5024218"]
[BlackFideId "24650684"]
[WhiteElo "2273"]
[BlackElo "2355"]
[Result "0-1"]
[Round "11"]
[TimeControl "180+1"]
[Date "2022.09.27"]
[WhiteClock "0:00:13"]
[BlackClock "0:00:21"]

1. d4 Nf6 2. Nf3 g6 3. g3 Bg7 4. Bg2 O-O 5. O-O d5 6. c4 dxc4 7. Na3 Na6 8. Nxc4 c5 9. Bd2 cxd4 10. Rc1 Be6 11. Nfe5 Bd5 12. f3 Nd7 13. Nd3 Rc8 14. b3 b5 15. Na5 Qb6 16. f4 Bxg2 17. Kxg2 Ndc5 18. f5 Ne4 19. b4 Nc3 20. Qe1 Nxb4 21. Nxb4 Qxa5 22. Nd5 Qd8 23. Nxc3 dxc3 24. Bxc3 Qd5+ 25. Rf3 Bxc3 26. Rxc3 Rxc3 27. Qxc3 Qxa2 28. Qe3 Re8 29. f6 Qd5 30. Qxa7 exf6 31. Kf2 b4 32. Rxf6 b3 33. Rf3 Qc4 34. Qb6 0-1


[Site "https://www.chess.com"]

[Event "Titled Tuesday Blitz September 27 Early 2022"]
[White "Smietanska, Wiktoria"]
[Black "Pacheco Lugo, Alejandro Jose"]
[WhiteFideId "21869359"]
[BlackFideId "3903745"]
[WhiteElo "1847"]
[BlackElo "2146"]
[Result "0-1"]
[Round "11"]
[TimeControl "180+1"]
[Date "2022.09.27"]
[WhiteClock "0:00:20"]
[BlackClock "0:01:07"]

1. c4 Nf6 2. Nc3 e6 3. e4 d5 4. e5 d4 5. exf6 dxc3 6. bxc3 Qxf6 7. Nf3 b6 8. d4 Bb7 9. Be2 Bd6 10. O-O O-O 11. Rb1 Be4 12. Rb3 Nd7 13. Re1 h6 14. Be3 Rfd8 15. Nd2 Bc6 16. Bf3 Bxf3 17. Nxf3 c5 18. Qe2 Rac8 19. Rd1 cxd4 20. cxd4 e5 21. d5 e4 22. Nd2 Re8 23. g3 Qg6 24. Bd4 f5 25. Nf1 f4 26. a4 f3 27. Qd2 Qh5 28. Ne3 Qh3 29. Qe1 Nc5 30. Qf1 Qxf1+ 31. Kxf1 Nxb3 0-1


[Site "https://www.chess.com"]

[Event "Titled Tuesday Blitz September 27 Early 2022"]
[White "Srihari L R"]
[Black "Bartel, Michal"]
[WhiteFideId "46617116"]
[BlackFideId "1119257"]
[WhiteElo "2208"]
[BlackElo "2274"]
[Result "1-0"]
[Round "11"]
[TimeControl "180+1"]
[Date "2022.09.27"]
[WhiteClock "0:00:48"]
[BlackClock "0:02:07"]

1. c4 e5 2. Nc3 d6 3. Nf3 Be6 4. d4 Nd7 5. d5 Bg4 6. e4 Be7 7. Be2 a5 8. Be3 b6 9. Qa4 Bxf3 10. Bxf3 Bg5 11. Bxg5 Qxg5 12. h4 Qd8 13. g4 Ne7 14. g5 Ng6 15. Bg4 Ke7 16. Bxd7 Qxd7 17. Qxd7+ Kxd7 18. Kd2 Nf4 19. Rag1 h5 20. Ne2 Nxe2 21. Kxe2 a4 22. Rh3 Rhe8 23. Rf1 Re7 24. Kd3 Rf8 25. f4 f5 26. fxe5 fxe4+ 27. Ke2 Rxf1 28. e6+ Ke8 29. Kxf1 c6 30. Rc3 Rc7 31. Ke2 b5 32. cxb5 c5 33. Rc4 Rb7 34. Rxa4 Rxb5 35. b3 1-0


[Site "https://www.chess.com"]

[Event "Titled Tuesday Blitz September 27 Early 2022"]
[White "Stanisz, Patryk"]
[Black "Chernomordik, Pavel"]
[WhiteFideId "1123106"]
[BlackFideId "2804530"]
[WhiteElo "1833"]
[BlackElo "2217"]
[Result "0-1"]
[Round "11"]
[TimeControl "180+1"]
[Date "2022.09.27"]
[WhiteClock "0:00:07"]
[BlackClock "0:00:15"]

1. d4 g6 2. c4 Bg7 3. Nc3 d6 4. e4 c6 5. Bd3 Bxd4 6. Nge2 Bg7 7. O-O Nf6 8. Bg5 O-O 9. Qd2 Nbd7 10. Bh6 Ne5 11. Bxg7 Kxg7 12. f4 Nxd3 13. Qxd3 Qb6+ 14. Kh1 Ng4 15. Qf3 Qe3 16. h3 Qxf3 17. Rxf3 Nf6 18. Rd1 Be6 19. b3 Rfd8 20. Nd4 Bc8 21. g4 a6 22. Kg2 Nd7 23. Rf2 e5 24. Nde2 exf4 25. Rxd6 g5 26. Nd4 Re8 27. Nf5+ Kf8 28. Rfd2 Nc5 29. Rf6 Bxf5 30. exf5 Rad8 31. Rfd6 Rxd6 32. Rxd6 Re3 33. Nd1 Re2+ 34. Kf3 Re5 35. f6 Ke8 36. Kf2 Ne4+ 37. Kf3 Nxd6 38. Kf2 Ne4+ 39. Kf3 Nxf6 40. Kf2 Ne4+ 41. Kf3 Nd2+ 42. Kf2 Ke7 43. Nb2 Ne4+ 44. Kf3 Nc3 45. Nd3 Re3+ 46. Kf2 Rxd3 47. h4 Ne4+ 48. Ke2 Re3+ 49. Kd1 f3 0-1


[Site "https://www.chess.com"]

[Event "Titled Tuesday Blitz September 27 Early 2022"]
[White "Stremavicius, Titas"]
[Black "Baskakov, Egor"]
[WhiteFideId "12804444"]
[BlackFideId "24197866"]
[WhiteElo "2399"]
[BlackElo "2211"]
[Result "1/2-1/2"]
[Round "11"]
[TimeControl "180+1"]
[Date "2022.09.27"]
[WhiteClock "0:00:05"]
[BlackClock "0:00:04"]

1. c4 Nf6 2. Nc3 e6 3. e4 d5 4. cxd5 exd5 5. e5 Ne4 6. d4 Nxc3 7. bxc3 c5 8. Nf3 Nc6 9. Be2 Bg4 10. O-O Be7 11. h3 Bh5 12. Rb1 Qd7 13. Qb3 b6 14. Rd1 c4 15. Qb2 Bg6 16. Ra1 f6 17. Bf4 O-O 18. exf6 Bxf6 19. Ne5 Bxe5 20. Bxe5 Nxe5 21. dxe5 Qe6 22. Qd2 Rad8 23. Qd4 Be4 24. f3 Bg6 25. a4 h5 26. a5 b5 27. a6 Rf7 28. Bf1 Re7 29. Re1 Rb8 30. Rad1 Bf7 31. Qc5 Qb6 32. Qxb6 Rxb6 33. f4 g6 34. g4 hxg4 35. hxg4 Rxa6 36. f5 gxf5 37. gxf5 Bh5 38. Rxd5 Rg7+ 39. Kf2 Ra2+ 40. Ke3 Rc2 41. Rxb5 Rxc3+ 42. Kd4 Rf3 43. Bxc4+ Kh7 44. Rh1 Rf4+ 45. Kc3 Rg3+ 46. Bd3 Kh6 47. e6 Rff3 48. Rd5 Kg5 49. e7 Bf7 50. Rd6 Re3 51. f6 Bg6 52. Kc4 Rxd3 53. Rxd3 Bxd3+ 54. Kd5 Bg6 55. Rh8 Kxf6 56. e8=Q Bxe8 57. Rxe8 Rg7 58. Ra8 Rf7 59. Kc6 Kg7 1/2-1/2


[Site "https://www.chess.com"]

[Event "Titled Tuesday Blitz September 27 Early 2022"]
[White "Svane, Frederik"]
[Black "Oparin, Grigoriy"]
[WhiteFideId "12923044"]
[BlackFideId "24125890"]
[WhiteElo "2459"]
[BlackElo "2639"]
[Result "0-1"]
[Round "11"]
[TimeControl "180+1"]
[Date "2022.09.27"]
[WhiteClock "0:00:08"]
[BlackClock "0:01:22"]

1. a3 a5 2. d4 Nf6 3. c4 e6 4. Nc3 d5 5. cxd5 exd5 6. Bg5 c6 7. e3 Be7 8. Bd3 O-O 9. Qc2 Nbd7 10. Nf3 Re8 11. O-O h6 12. Bh4 Ne4 13. Bxe7 Qxe7 14. Bxe4 dxe4 15. Nd2 Nf6 16. Nc4 Bf5 17. Nb6 Rad8 18. Nca4 Nd5 19. Nxd5 Rxd5 20. Nc3 Rd6 21. f4 h5 22. b4 axb4 23. axb4 Rg6 24. b5 h4 25. bxc6 Rxc6 26. Qb2 h3 27. g3 Rec8 28. Rfc1 Qc7 29. Ne2 Rc2 30. Qa3 Bg4 0-1


[Site "https://www.chess.com"]

[Event "Titled Tuesday Blitz September 27 Early 2022"]
[White "Szente Varga, Fruzsina"]
[Black "D`Arruda, Ricardo D."]
[WhiteFideId "712264"]
[BlackFideId "100692"]
[WhiteElo "1994"]
[BlackElo "2452"]
[Result "1-0"]
[Round "11"]
[TimeControl "180+1"]
[Date "2022.09.27"]
[WhiteClock "0:00:20"]
[BlackClock "0:00:14"]

1. e4 c5 2. Nf3 Nc6 3. Bb5 Qb6 4. Nc3 a6 5. Bxc6 Qxc6 6. O-O d6 7. d4 cxd4 8. Nxd4 Qc7 9. f4 e6 10. Kh1 Nf6 11. f5 Be7 12. fxe6 fxe6 13. Bg5 O-O 14. Qd2 Bd7 15. Rad1 Rae8 16. Nf3 Bc6 17. Bxf6 Rxf6 18. Nd4 Bd7 19. e5 dxe5 20. Nf3 Bc6 21. Qe3 Bd6 22. Ne4 Bxe4 23. Qxe4 Ref8 24. Rfe1 Rf4 25. Qe3 R4f5 26. Qd2 Bc5 27. Qc3 Bd6 28. Qd3 Bc5 29. Qe4 Bd6 30. c3 h6 31. Qa4 Bc5 32. Qb3 R8f6 33. Qc4 b5 34. Qe4 Bf2 35. Re2 Bc5 36. h3 Bd6 37. Qa8+ Kh7 38. Qxa6 Rf4 39. Qxd6 Qxd6 40. Rxd6 e4 41. Nd4 Rf1+ 42. Kh2 e5 43. Nxb5 Rxd6 44. Nxd6 1-0


[Site "https://www.chess.com"]

[Event "Titled Tuesday Blitz September 27 Early 2022"]
[White "Sztokbant, Bernardo Vainzoff"]
[Black "Rivas Garcia, Victor"]
[WhiteFideId "2115956"]
[BlackFideId "2217740"]
[WhiteElo "2172"]
[BlackElo "2317"]
[Result "1-0"]
[Round "11"]
[TimeControl "180+1"]
[Date "2022.09.27"]
[WhiteClock "0:00:40"]
[BlackClock "0:01:07"]

1. d4 f5 2. Nc3 Nf6 3. g3 e6 4. Bg2 Bb4 5. Nh3 Bxc3+ 6. bxc3 O-O 7. O-O d6 8. f3 e5 9. Nf2 Nc6 10. e4 fxe4 11. fxe4 Bd7 12. Rb1 b6 13. Be3 Kh8 14. Qe2 Qe7 15. Rbe1 Rae8 16. d5 Nb8 17. Bg5 h6 18. Be3 Ba4 19. Bh3 Bd7 20. Bxd7 Nbxd7 21. Kg2 Nc5 22. Bxc5 bxc5 23. Ng4 Rb8 24. Ne3 g6 25. Ng4 Kg7 26. Nxf6 Rxf6 27. Rxf6 Kxf6 28. Rf1+ Kg7 29. Qa6 Rb2 30. Rf2 h5 31. Qxa7 Kh6 32. Qa8 Kg7 33. a4 h4 34. gxh4 g5 35. h5 g4 36. h6+ Kh7 37. a5 Ra2 38. a6 1-0


[Site "https://www.chess.com"]

[Event "Titled Tuesday Blitz September 27 Early 2022"]
[White "Tari, Aryan"]
[Black "Nigmatov, Ortik"]
[WhiteFideId "1510045"]
[BlackFideId "14202131"]
[WhiteElo "2612"]
[BlackElo "2378"]
[Result "1-0"]
[Round "11"]
[TimeControl "180+1"]
[Date "2022.09.27"]
[WhiteClock "0:00:36"]
[BlackClock "0:00:47"]

1. e4 c5 2. Nc3 e6 3. d4 cxd4 4. Qxd4 Nc6 5. Qd3 a6 6. Bf4 d6 7. O-O-O e5 8. Be3 Be6 9. f4 Rc8 10. Kb1 Qa5 11. Qd2 Nf6 12. f5 Bd7 13. Bc4 Qb4 14. Bb3 Nxe4 15. Qd5 Nxc3+ 16. bxc3 Qxc3 17. Qxf7+ Kd8 18. Bb6+ Rc7 19. f6 e4 20. Ne2 Qxf6 21. Rhf1 Qe5 22. Nf4 Ne7 23. Qc4 Bc8 24. Qxc7+ 1-0


[Site "https://www.chess.com"]

[Event "Titled Tuesday Blitz September 27 Early 2022"]
[White "Thiel, Thomas"]
[Black "Mihailidis, Anastasios"]
[WhiteFideId "4615964"]
[BlackFideId "4205588"]
[WhiteElo "2212"]
[BlackElo "2312"]
[Result "1-0"]
[Round "11"]
[TimeControl "180+1"]
[Date "2022.09.27"]
[WhiteClock "0:01:15"]
[BlackClock "0:00:20"]

1. e4 c5 2. Nc3 Nc6 3. Bb5 Nd4 4. Bc4 e6 5. Nge2 Nxe2 6. Qxe2 Ne7 7. O-O d5 8. exd5 exd5 9. Nxd5 Be6 10. Bb5+ Nc6 11. Nf4 Qd6 12. Nxe6 Qxe6 13. Qxe6+ fxe6 14. Bxc6+ bxc6 15. d3 Kd7 16. Re1 g6 17. Re4 Bg7 18. Rc4 Rab8 19. Rb1 Kd6 20. Bf4+ e5 21. Be3 Rb5 22. a4 Ra5 23. b3 Rb8 24. Re1 Kd5 25. Re4 Re8 26. Bd2 Ra6 27. Bc3 Rb6 28. f4 Rb7 29. fxe5 Rbe7 30. Kf2 Bxe5 31. Bxe5 Rxe5 32. Rxe5+ Rxe5 33. Rxe5+ Kxe5 34. Ke3 Kd5 35. c3 a5 36. Kf4 h6 37. h4 Ke6 38. Ke4 g5 39. h5 Kf6 40. d4 cxd4 41. Kxd4 Kf5 42. b4 axb4 43. cxb4 Ke6 44. a5 Kd7 45. Kc5 Kc7 46. g4 Kb7 47. Kd6 Ka6 48. Kxc6 Ka7 49. b5 Kb8 50. Kd6 Kc8 51. Ke6 Kc7 52. Kf6 Kd6 53. Kg6 Kc5 54. Kxh6 Kxb5 55. Kxg5 Kxa5 56. h6 1-0


[Site "https://www.chess.com"]

[Event "Titled Tuesday Blitz September 27 Early 2022"]
[White "Thorhallsson, Simon"]
[Black "Zaksaite, Salomeja"]
[WhiteFideId "2310090"]
[BlackFideId "12801496"]
[WhiteElo "2137"]
[BlackElo "1953"]
[Result "1-0"]
[Round "11"]
[TimeControl "180+1"]
[Date "2022.09.27"]
[WhiteClock "0:01:31"]
[BlackClock "0:00:58"]

1. e4 c5 2. Nc3 e6 3. Nge2 Nc6 4. g3 g6 5. d4 d6 6. dxc5 dxc5 7. Qxd8+ Kxd8 8. Be3 a6 9. Na4 Kc7 10. Nxc5 Nf6 11. f3 Ne5 12. Bf4 Bd6 13. Bxe5 Bxe5 14. Nd3 Nd7 15. f4 Bg7 16. e5 b6 17. Bg2 Rb8 18. O-O-O Bb7 19. Bxb7 Rxb7 20. Nc3 Rc8 21. Nb4 a5 22. Nb5+ Kd8 23. Nd6 Rbc7 24. Nxc8 axb4 25. Nxb6 1-0


[Site "https://www.chess.com"]

[Event "Titled Tuesday Blitz September 27 Early 2022"]
[White "Timofeev, Artyom"]
[Black "Lazavik, Denis"]
[WhiteFideId "4140419"]
[BlackFideId "13515110"]
[WhiteElo "2579"]
[BlackElo "2437"]
[Result "1/2-1/2"]
[Round "11"]
[TimeControl "180+1"]
[Date "2022.09.27"]
[WhiteClock "0:00:18"]
[BlackClock "0:00:21"]

1. e4 c5 2. Nf3 e6 3. d4 cxd4 4. Nxd4 Nc6 5. Nc3 Qc7 6. f4 a6 7. Nxc6 bxc6 8. Bd3 d5 9. O-O Nf6 10. Kh1 Be7 11. Qe2 O-O 12. e5 Nd7 13. Na4 g6 14. b3 Bb7 15. c4 c5 16. cxd5 Bxd5 17. Nc3 Bb7 18. Be3 Rfd8 19. Rac1 Qa5 20. Na4 Bc6 21. Bd2 Qc7 22. Be4 Qb7 23. Bxc6 Qxc6 24. Ba5 Rdc8 25. Rfd1 Ra7 26. Nb2 Nb6 27. Bxb6 Qxb6 28. Nc4 Qb8 29. Rd3 Rd8 30. Rcd1 Rxd3 31. Qxd3 Qc7 32. Qe4 Rb7 33. g3 Rb8 34. h4 h5 35. Kh2 Kg7 36. Rd3 Rd8 37. Kg1 Kf8 38. Kf2 Rxd3 39. Qxd3 Qc6 40. Qf3 Qd7 41. Ke2 Qd4 42. Qd3 Qg1 43. a4 Qg2+ 44. Kd1 Qg1+ 45. Kc2 Qf2+ 46. Kb1 Qe1+ 47. Ka2 Qf2+ 48. Kb1 Qe1+ 49. Ka2 Qf2+ 50. Kb1 1/2-1/2


[Site "https://www.chess.com"]

[Event "Titled Tuesday Blitz September 27 Early 2022"]
[White "Tomaszewski, Kacper"]
[Black "Machidon, Cristi"]
[WhiteFideId "1127373"]
[BlackFideId "13904590"]
[WhiteElo "2133"]
[BlackElo "2312"]
[Result "0-1"]
[Round "11"]
[TimeControl "180+1"]
[Date "2022.09.27"]
[WhiteClock "0:00:01"]
[BlackClock "0:00:22"]

1. e4 c6 2. d4 d5 3. exd5 cxd5 4. Nf3 Nc6 5. c3 Nf6 6. Bf4 Bf5 7. Qb3 Qc8 8. Nbd2 e6 9. Be2 Be7 10. O-O h6 11. Rfe1 O-O 12. Ne5 Nxe5 13. Bxe5 a6 14. a4 Qc6 15. Nf3 Nd7 16. Bg3 Bd6 17. Bf1 b6 18. Ne5 Bxe5 19. Bxe5 Nxe5 20. Rxe5 b5 21. axb5 axb5 22. Rxa8 Rxa8 23. Re1 Ra5 24. Qb4 Qc7 25. h3 g5 26. Be2 Kg7 27. Rc1 Ra2 28. Qxb5 Qf4 29. Rd1 Bc2 30. Rf1 Qd2 31. Kh2 Be4 32. Rd1 Qc2 33. Re1 Rxb2 34. Qd7 Qxc3 35. Ra1 Rxe2 36. Ra7 Bg6 0-1


[Site "https://www.chess.com"]

[Event "Titled Tuesday Blitz September 27 Early 2022"]
[White "Torres Boch, Jose Francisco"]
[Black "Korelskiy, Egor"]
[WhiteFideId "2278383"]
[BlackFideId "34329064"]
[WhiteElo "2088"]
[BlackElo "2071"]
[Result "0-1"]
[Round "11"]
[TimeControl "180+1"]
[Date "2022.09.27"]
[WhiteClock "0:00:03"]
[BlackClock "0:00:21"]

1. e4 c5 2. Nf3 e6 3. d4 cxd4 4. Nxd4 a6 5. Bd3 Nf6 6. O-O Qc7 7. Qe2 d6 8. f4 Nbd7 9. c4 b6 10. b3 Be7 11. Bb2 O-O 12. Nc3 Bb7 13. Rae1 Rfd8 14. Kh1 Rac8 15. Nf3 h6 16. h3 Nh5 17. Qf2 Nxf4 18. Nh4 Bxh4 19. Qxf4 Bf6 20. e5 dxe5 21. Qg4 Kh8 22. Ne4 Bxe4 23. Qxe4 g6 24. Rxf6 Nxf6 25. Bxe5 Qe7 26. Rf1 Kg7 27. Qf3 Kg8 28. Bxf6 Qd7 29. Bxd8 Rxd8 30. Be4 f5 31. Bb1 Kh7 32. Qe3 Qd6 33. Re1 a5 34. Bc2 Re8 35. Qe5 Qd7 36. Bd1 h5 37. Bf3 Re7 38. Rd1 Qe8 39. Rd6 Qb8 40. Bc6 Qc7 41. Qd4 e5 42. Qd5 Kh6 43. Rd7 Rxd7 44. Qxd7 Qb8 45. Bd5 e4 46. Qe6 Qg3 0-1


[Site "https://www.chess.com"]

[Event "Titled Tuesday Blitz September 27 Early 2022"]
[White "Vachylia, Andrii"]
[Black "Urazayev, Arystanbek"]
[WhiteFideId "14137224"]
[BlackFideId "13709810"]
[WhiteElo "2318"]
[BlackElo "2441"]
[Result "1-0"]
[Round "11"]
[TimeControl "180+1"]
[Date "2022.09.27"]
[WhiteClock "0:00:25"]
[BlackClock "0:00:16"]

1. e4 c5 2. Nf3 d6 3. d4 cxd4 4. Nxd4 Nf6 5. Nc3 Nc6 6. Bg5 e6 7. Qd2 a6 8. O-O-O Bd7 9. f4 Be7 10. Nf3 b5 11. Bxf6 gxf6 12. Bd3 Qb6 13. Kb1 O-O-O 14. f5 Qc5 15. Ne2 Kb8 16. Nf4 Ne5 17. Qe1 h5 18. fxe6 fxe6 19. Nxe5 dxe5 20. Ng6 Rhg8 21. Nxe7 Qxe7 22. Qf2 Bc8 23. Rhf1 Rgf8 24. Be2 f5 25. Bxh5 Rxd1+ 26. Bxd1 Rd8 27. Bf3 Bb7 28. exf5 e4 29. Bxe4 Bxe4 30. Qb6+ Bb7 31. fxe6 Re8 32. Re1 Qh4 33. Qe3 Qxh2 34. g4 Re7 35. g5 Qc7 36. g6 Bc8 37. g7 Rxg7 38. e7 Rg2 39. Qe4 Rg8 40. e8=Q Rxe8 41. Qxe8 Qc4 42. Qe5+ Ka7 43. Qe3+ Ka8 44. Qd3 Qg8 45. Rd1 Qg4 46. Qd8 Ka7 47. Qd4+ Qxd4 48. Rxd4 Kb6 49. b4 Kc6 50. a3 Be6 51. Kb2 Bg8 52. Kc3 Ba2 53. Rf4 Kb6 54. Kd4 Kc6 55. Rf6+ Kb7 56. Kc5 Bb1 57. c3 Ba2 58. Rg6 Ka7 59. Rg7+ Kb8 60. Kb6 Kc8 61. Kxa6 Bc4 62. Kb6 Kd8 63. Rg5 Bf1 64. Rxb5 Kd7 65. a4 Kd6 66. a5 Bxb5 67. Kxb5 Kc7 68. c4 Kb7 69. Kc5 Ka7 70. b5 Kb8 71. Kb4 Ka8 72. c5 Kb7 73. b6 Ka6 74. Kc4 Kb7 75. Kb5 Ka8 76. c6 Kb8 77. a6 Ka8 78. Kc5 Kb8 79. Kd6 Kc8 80. a7 Kd8 81. a8=Q# 1-0


[Site "https://www.chess.com"]

[Event "Titled Tuesday Blitz September 27 Early 2022"]
[White "Vagman, Roy"]
[Black "Rosen, Eric"]
[WhiteFideId "2828995"]
[BlackFideId "2032562"]
[WhiteElo "1945"]
[BlackElo "2362"]
[Result "1-0"]
[Round "11"]
[TimeControl "180+1"]
[Date "2022.09.27"]
[WhiteClock "0:00:14"]
[BlackClock "0:00:02"]

1. e4 e5 2. Nf3 Nf6 3. Nc3 Bc5 4. Be2 h5 5. Nxe5 Nc6 6. Nf3 Nd4 7. Nxd4 Bxd4 8. d3 d5 9. exd5 Ng4 10. Ne4 Qxd5 11. Bf3 Qe5 12. Qe2 f5 13. c3 Bb6 14. d4 Qe7 15. Bg5 Qe6 16. d5 Qe5 17. Bxg4 hxg4 18. Ng3 Qxe2+ 19. Nxe2 Kf7 20. Be3 Bd7 21. Bxb6 axb6 22. O-O Bb5 23. Rfe1 Rh6 24. Nd4 Bd7 25. Re5 Kf6 26. Rae1 Rah8 27. h4 gxh3 28. g3 h2+ 29. Kh1 c5 30. Nf3 Ra8 31. a3 Bb5 32. Re7 1-0


[Site "https://www.chess.com"]

[Event "Titled Tuesday Blitz September 27 Early 2022"]
[White "Valle Maytin, Luis Enrique"]
[Black "Jovic, Stanoje"]
[WhiteFideId "3503666"]
[BlackFideId "905020"]
[WhiteElo "2225"]
[BlackElo "2238"]
[Result "0-1"]
[Round "11"]
[TimeControl "180+1"]
[Date "2022.09.27"]
[WhiteClock "0:00:31"]
[BlackClock "0:00:53"]

1. e4 c6 2. d4 d5 3. e5 c5 4. dxc5 e6 5. a3 Bxc5 6. b4 Be7 7. Nf3 Nc6 8. Bb2 f6 9. Bd3 fxe5 10. Nxe5 Nxe5 11. Bxe5 Bf6 12. O-O Bxe5 13. Qh5+ g6 14. Qxe5 Qf6 15. Bb5+ Bd7 16. Bxd7+ Kxd7 17. Qxf6 Nxf6 18. Nd2 Rac8 19. Rac1 Rc3 20. Nb3 Rhc8 21. Nc5+ R8xc5 22. bxc5 Rxa3 23. c4 d4 24. Rfd1 d3 25. f3 Kc6 26. Kf2 Nd7 27. Ke3 Nxc5 28. Rb1 e5 29. h4 a5 30. Rb5 a4 31. f4 exf4+ 32. Kxf4 Rc3 33. Kg5 Rxc4 34. Rdb1 d2 35. Rb6+ Kd5 36. Rd1 Ne4+ 37. Kh6 Rc1 38. Rb1 Rxb1 39. Rxb1 Nc3 40. Ra1 b5 41. Kxh7 b4 42. Kxg6 b3 43. h5 b2 44. Rf1 d1=Q 45. Rf5+ Kc4 46. h6 b1=Q 47. h7 Qg4+ 48. Kf6 Qbxf5+ 49. Ke7 Qg7+ 50. Kd8 Qff8# 0-1


[Site "https://www.chess.com"]

[Event "Titled Tuesday Blitz September 27 Early 2022"]
[White "Vlassov, Nikolai"]
[Black "Ibrahimli, Murad"]
[WhiteFideId "4103360"]
[BlackFideId "13410229"]
[WhiteElo "2324"]
[BlackElo "2109"]
[Result "1-0"]
[Round "11"]
[TimeControl "180+1"]
[Date "2022.09.27"]
[WhiteClock "0:00:40"]
[BlackClock "0:00:07"]

1. e4 c5 2. c3 Nf6 3. e5 Nd5 4. d4 cxd4 5. cxd4 e6 6. Nc3 Nxc3 7. bxc3 d6 8. f4 Nc6 9. Nf3 Be7 10. Bd3 Bd7 11. O-O Rc8 12. a4 Na5 13. Bd2 b6 14. Be1 d5 15. h4 h5 16. Ng5 g6 17. Qc2 Rg8 18. Qe2 Rh8 19. Ra2 Qc7 20. g4 hxg4 21. Qxg4 Rf8 22. Rh2 Bxa4 23. h5 gxh5 24. Rxh5 Kd7 25. Rh7 Kc6 26. Nxf7 Rg8 27. Ng5 Qd7 28. Kf2 Bb5 29. Bxb5+ Kxb5 30. Qxe6 Qxe6 31. Nxe6 Ba3 32. Rxa7 Nc4 33. Ke2 Kc6 34. f5 Rg2+ 35. Rf2 Rg3 36. Rf3 Rg2+ 37. Bf2 Re8 38. Rc7+ Kb5 39. Rg7 Rh2 40. Nc7+ 1-0


[Site "https://www.chess.com"]

[Event "Titled Tuesday Blitz September 27 Early 2022"]
[White "Wartiovaara, Oliver"]
[Black "Harish, Neeraj"]
[WhiteFideId "513024"]
[BlackFideId "30958130"]
[WhiteElo "1971"]
[BlackElo "1574"]
[Result "1-0"]
[Round "11"]
[TimeControl "180+1"]
[Date "2022.09.27"]
[WhiteClock "0:01:16"]
[BlackClock "0:00:26"]

1. d4 Nf6 2. Nf3 d5 3. e3 Bf5 4. b3 e6 5. Bb2 Bd6 6. Nbd2 O-O 7. Be2 c5 8. dxc5 Bxc5 9. O-O Nc6 10. a3 a6 11. b4 Bd6 12. c4 Re8 13. cxd5 exd5 14. Nb3 Qe7 15. Rc1 Rad8 16. Nbd4 Nxd4 17. Qxd4 h5 18. h3 Be4 19. Ng5 Be5 20. Qxe5 Qxe5 21. Bxe5 Rxe5 22. Nf3 Bxf3 23. Bxf3 d4 24. Rfd1 d3 25. Rc3 d2 26. Rc2 Ne4 27. Bxe4 Rxe4 28. Rcxd2 Rxd2 29. Rxd2 Rc4 30. Rd8+ Kh7 31. Rd7 Rc3 32. Rxb7 Kg6 33. Rb6+ f6 34. Rxa6 Rc1+ 35. Kh2 Kf7 36. Kg3 Ke7 37. Kf3 g5 38. g4 h4 39. b5 Rb1 40. a4 Kf7 41. Ra7+ Kg6 42. Ra6 Kf7 43. b6 Ke7 44. a5 Kd7 45. Ra7+ Kc6 46. Rf7 Rb5 47. Rxf6+ Kb7 48. Rf5 1-0


[Site "https://www.chess.com"]

[Event "Titled Tuesday Blitz September 27 Early 2022"]
[White "White, John S."]
[Black "Neal, James"]
[WhiteFideId "2502348"]
[BlackFideId "2089300"]
[WhiteElo "1836"]
[BlackElo "2059"]
[Result "0-1"]
[Round "11"]
[TimeControl "180+1"]
[Date "2022.09.27"]
[WhiteClock "0:01:01"]
[BlackClock "0:00:14"]

1. e4 e6 2. d3 d5 3. Nd2 Nf6 4. Ngf3 b6 5. g3 dxe4 6. dxe4 Bc5 7. Bg2 Ba6 8. c4 Qd3 9. Qa4+ b5 10. cxb5 Bxf2+ 11. Kxf2 Ng4+ 12. Ke1 Qe3+ 13. Kd1 Nf2+ 14. Kc2 Qd3# 0-1


[Site "https://www.chess.com"]

[Event "Titled Tuesday Blitz September 27 Early 2022"]
[White "Winkels, Marcel"]
[Black "Seifert, Henryk"]
[WhiteFideId "1003887"]
[BlackFideId "1100963"]
[WhiteElo "1900"]
[BlackElo "2120"]
[Result "1-0"]
[Round "11"]
[TimeControl "180+1"]
[Date "2022.09.27"]
[WhiteClock "0:00:37"]
[BlackClock "0:00:03"]

1. d4 d5 2. Nc3 e6 3. Bf4 c5 4. Nb5 Qa5+ 5. Nc3 cxd4 6. Qxd4 Nc6 7. Qa4 Qxa4 8. Nxa4 Nf6 9. Nf3 Bd7 10. O-O-O Be7 11. Nc3 O-O 12. e3 Rac8 13. h3 a6 14. g4 Rfd8 15. g5 Ne8 16. h4 b5 17. Bd3 Nb4 18. Be2 Nd6 19. a3 Nc6 20. h5 b4 21. axb4 Nxb4 22. Ne5 Be8 23. Nd3 Nc4 24. Bg4 Nxd3+ 25. cxd3 Na5 26. g6 Ba3 27. Kb1 Bb4 28. Rc1 Nb3 29. Rc2 a5 30. Ka2 a4 31. f3 d4 32. exd4 Rxd4 33. Be5 Rdd8 34. d4 f6 35. Bxe6+ Kf8 36. Bxc8 Rxc8 37. gxh7 1-0


[Site "https://www.chess.com"]

[Event "Titled Tuesday Blitz September 27 Early 2022"]
[White "Wirig, Anthony"]
[Black "Andreikin, Dmitry"]
[WhiteFideId "615013"]
[BlackFideId "4158814"]
[WhiteElo "2474"]
[BlackElo "2736"]
[Result "0-1"]
[Round "11"]
[TimeControl "180+1"]
[Date "2022.09.27"]
[WhiteClock "0:00:14"]
[BlackClock "0:00:52"]

1. d4 Nf6 2. Bg5 g6 3. Bxf6 exf6 4. h4 h5 5. e3 f5 6. g3 d5 7. Bg2 c6 8. Nd2 Nd7 9. Ne2 Nf6 10. c4 dxc4 11. Nxc4 Be6 12. Ne5 Bd6 13. Nd3 Ng4 14. Nef4 Bc4 15. Qc2 Qa5+ 16. Qc3 Qa6 17. b3 Bxd3 18. Nxd3 Qb6 19. a4 Qc7 20. Nf4 Qe7 21. Kf1 a5 22. Bxc6+ Kf8 23. Bf3 Kg7 24. Nd5 Qd8 25. Rc1 g5 26. hxg5 Qxg5 27. Nf4 Rae8 28. Re1 Bb4 29. Qd3 Bxe1 30. Kxe1 Nxe3 31. Nxh5+ Rxh5 32. Rxh5 Ng4+ 33. Kf1 Qxh5 0-1


[Site "https://www.chess.com"]

[Event "Titled Tuesday Blitz September 27 Early 2022"]
[White "Wojtaszek, Radoslaw"]
[Black "So, Wesley"]
[WhiteFideId "1118358"]
[BlackFideId "5202213"]
[WhiteElo "2606"]
[BlackElo "2763"]
[Result "1/2-1/2"]
[Round "11"]
[TimeControl "180+1"]
[Date "2022.09.27"]
[WhiteClock "0:00:05"]
[BlackClock "0:00:07"]

1. e4 c5 2. Nf3 d6 3. Bb5+ Bd7 4. Bxd7+ Qxd7 5. c4 Nf6 6. Nc3 g6 7. d4 cxd4 8. Qxd4 Bg7 9. O-O O-O 10. Qd3 a6 11. Bg5 h6 12. Bd2 Rc8 13. Rfe1 Nc6 14. Nd5 Qd8 15. Nxf6+ Bxf6 16. Bxh6 Bxb2 17. Rab1 Bf6 18. Rxb7 Na5 19. Rb4 Qc7 20. Bg5 Qc5 21. Bxf6 Qxb4 22. Bxe7 Nxc4 23. Qd4 Rab8 24. h4 Ne5 25. Qxb4 Nxf3+ 26. gxf3 Rxb4 27. Bxd6 Rb2 28. a3 Rcc2 29. Rf1 Rb3 30. Kg2 Rcc3 31. f4 Rd3 32. Be7 Rd7 33. Bf6 Rd6 34. e5 Rc6 35. Rd1 Rc8 36. h5 gxh5 37. Rh1 Kf8 38. Rxh5 Ke8 39. f5 Rc6 40. Rh8+ Kd7 41. Rf8 Rxf6 42. exf6 Rxa3 43. Rxf7+ Ke8 44. Ra7 Kf8 45. f3 Ra5 46. Kg3 Rxf5 47. Rxa6 Kf7 48. Kg4 Rb5 49. Rc6 Ra5 50. f4 Rb5 51. Ra6 Rc5 52. f5 Rc1 53. Kg5 Rg1+ 54. Kf4 Rf1+ 55. Kg5 Rg1+ 56. Kf4 Rf1+ 57. Kg5 Rg1+ 1/2-1/2